 Dungeon Sprint DCSS version 0.29-a0-472-ge5599a681e (webtiles) character file.

Game seed: 14152107741912302264

8985 mhtbhm the Bludgeoner (level 11, 0/190 HPs)
             Began as a Troll Berserker on May 22, 2022.
             Was the Champion of Trog.
             Slain by a red devil
             ... wielding a +0 trident
             ... summoned by an orc high priest
              (14 damage)
             ... in the Dungeon (Sprint III: "The Ten Rune Challenge").
             The game lasted 00:05:09 (2188 turns).

mhtbhm the Bludgeoner (Troll Berserker)             Turns: 2188, Time: 00:05:11

Health: 0/190      AC:  4    Str: 31    XL:     11   Next: 17%
Magic:  10/10      EV: 13    Int:  3    God:    Trog [******]
Gold:   57         SH:  0    Dex:  9    Spells: 10/10 levels left

rFire   . . .      SeeInvis .   a - +1 dire flail (distort)
rCold   . . .      Faith    .   (shield currently unavailable)
rNeg    . . .      Spirit   .   b - +0 robe
rPois   .          Reflect  .   (helmet restricted)
rElec   .          Harm     .   (no cloak)
rCorr   .          Rampage  .   (gloves unavailable)
Will    .....      NoTele   +   (boots unavailable)
Stlth   ..........              (no amulet)
HPRegen 1.21/turn               (no ring)
MPRegen 0.12/turn               (no ring)

@: berserking (expiring), spiked, very quick
A: large, unfitting armour, claws 3, regeneration 1, shaggy fur 1, tough skin 1
a: Renounce Religion, Berserk, Trog's Hand, Brothers in Arms


You were in the Dungeon.
You worshipped Trog.
Trog was exalted by your worship.
You visited 1 branch You collected 57 gold pieces.

Inventory:

Hand Weapons
 a - a +1 dire flail of distortion (weapon)
Missiles
 e - 7 curare-tipped darts (quivered)
Armour
 b - a +0 robe (worn)
Scrolls
 h - a scroll of blinking
 j - a scroll of poison {unknown}
 k - 3 scrolls of identify
 m - a scroll of torment {unknown}
Potions
 c - a potion of curing
 f - 2 potions of magic
 g - a potion of berserk rage
 i - 3 potions of mutation {unknown}
 l - 3 potions of flight
 n - a potion of brilliance {unknown}
Miscellaneous
 o - a phantom mirror


   Skills:
 + Level 13.2 Fighting
 + Level 15.9 Maces & Flails
 + Level 12.0 Dodging
 + Level 3.9 Stealth
 + Level 1.5 Evocations


You had 10 spell levels left.
You didn't know any spells.
Your spell library was empty.

Dungeon Overview and Level Annotations

Branches:
Dungeon (1/1)

Altars:
Cheibriados
Dithmenos
Elyvilon
Fedhas
Gozag
Hepliaklqana
Kikubaaqudgha
Makhleb
Nemelex Xobeh
Okawaru
Qazlal
Ru
Sif Muna
Trog
Uskayaw
Vehumet
Wu Jian
Xom
Yredelemnul
Zin
The Shining One
Beogh
Jiyva
Lugonu

Shops:
D (


Innate Abilities, Weirdness & Mutations

You are too large for most types of armour.
You have claws for hands.
Your natural rate of healing is unusually fast.
You are covered in fur. (AC +1)
You have tough skin. (AC +1)


Message History

* * * LOW HITPOINT WARNING * * *
The red devil hits you from afar with a +0 trident!
* * * LOW HITPOINT WARNING * * *
Barbed spikes become lodged in your body.
You impale something!! Trog accepts your kill.
Trog appreciates your killing of a magic user.
Reactivating autopickup.
You feel a bit more experienced.
Unknown command.
Unknown command.
Deactivating autopickup; reactivate with Ctrl-A.
You impale something!! Trog accepts your kill.
Trog appreciates your killing of a magic user.
Reactivating autopickup.
You feel a bit more experienced.
An orc priest comes into view. It is wielding a +0 flail.
Found 6 gold pieces.
The barbed spikes dig painfully into your body as you move.
* * * LOW HITPOINT WARNING * * *
The orc priest shouts!
The orc closely misses you.
The red devil hits you with a +0 trident!
* * * LOW HITPOINT WARNING * * *
Barbed spikes become lodged in your body.
The chaos spawn completely misses you.
Items here: $ )))) [[[[ †††.
Unknown command.
You impale the orc wizard!!
You kill the orc wizard!
Trog accepts your kill.
Trog appreciates your killing of a magic user.
You hit the orc.
The orc is moderately wounded.
The orc blinks!
The orc priest miscasts a cantrip.
The orc high priest mumbles some strange prayers.
The red devil hits you with a +0 trident!
You die...

▓▓▓ ▓▓ ##.############ #$#
#..#___#___#__######$∩#$
#..#.).#__.#._#$$.......
#..###'#'###[##o$....o
#..#.....†....#3$o..
...'.⌠........#4oo#$#
...#...######'#)@4o#
...#.⌠.#__#...#§#################
...#...#__#...#§§§≈≈'.#.'...'.#.#
...#[###__#...#§#§§§#.#.#.).##.#.
...#.::#__#...'.#§§§#.#.#)).#.#.#
...#_§§#__'...#.#§§.#...#...##.#.
▓▓▓▓▓▓▓▓▓▓▓▓▓▓▓▓▓▓▓▓▓▓▓▓▓▓▓▓#.#.#
♣.....♣♣♣♣≈≈≈........≈≈≈...##.#.
♣.≈≈≈≈'♣♣'♣≈≈≈≈≈≈≈≈≈≈≈≈♣♣P.'.#.#


You could see an orc high priest, a neqoxec (summoned), a chaos spawn
(summoned), a red devil (summoned), 2 orc priests and 3 orcs.

Vanquished Creatures
  Harold (D)
  Snorg (D)
  A centaur warrior (D)
  A lindwurm (D)
  Joseph (D)
  A deep elf pyromancer (D)
  An orc sorcerer (D)
  A cane toad (D)
  An unseen horror (D)
  A komodo dragon (D)
  A shadow (D)
  2 wandering mushrooms (D)
  A spatial vortex (D)
  3 redbacks (D)
  2 orc warriors (D)
  A swamp drake (D)
  2 centaurs (D)
  An earth elemental (D)
  A water elemental (D)
  A necrophage (D)
  A scorpion (D)
  An orc priest (D)
  A jelly (D)
  4 orc wizards (D)
  A wizard (D)
  A necromancer (D)
  3 humans (D)
  A kobold demonologist (D)
  An orc (D)
  An endoplasm (D)
  3 rats (D)
43 creatures vanquished.

Vanquished Creatures (collateral kills)
  An orc (D)
1 creature vanquished.

Vanquished Creatures (others)
  A wandering mushroom (D)
1 creature vanquished.

Grand Total: 45 creatures vanquished

Notes
Turn   | Place    | Note
-------+----------+-------------------------------------------
     0 | D        | mhtbhm the Troll Berserker began the quest for the Orb.
     0 | D        | Reached XP level 1. HP: 22/22 MP: 0/0
    18 | D        | Reached skill level 3 in Maces & Flails
    40 | D        | Reached ** piety under Trog
    58 | D        | Noticed a scorpion
    63 | D        | Killed a scorpion
    64 | D        | Reached skill level 4 in Maces & Flails
    64 | D        | Reached XP level 2. HP: 32/32 MP: 1/1
    64 | D        | Reached XP level 3. HP: 39/39 MP: 2/2
    82 | D        | Reached skill level 5 in Maces & Flails
    82 | D        | Reached XP level 4. HP: 43/49 MP: 3/3
   144 | D        | Noticed a water elemental
   156 | D        | Killed a water elemental
   156 | D        | Reached *** piety under Trog
   157 | D        | Reached skill level 5 in Fighting
   157 | D        | Reached skill level 6 in Maces & Flails
   157 | D        | Reached skill level 5 in Dodging
   157 | D        | Reached XP level 5. HP: 8/57 MP: 4/4
   255 | D        | Found a basalt altar of Yredelemnul.
   255 | D        | Found a shadowy altar of Dithmenos.
   255 | D        | Found a sacrificial altar of Ru.
   265 | D        | Reached skill level 7 in Maces & Flails
   312 | D        | Found a glowing silver altar of Zin.
   312 | D        | Found a glowing golden altar of the Shining One.
   312 | D        | Found a white marble altar of Elyvilon.
   313 | D        | Noticed a deep elf pyromancer
   330 | D        | Noticed a fire elemental
   330 | D        | Killed a deep elf pyromancer
   330 | D        | Reached **** piety under Trog
   331 | D        | Reached skill level 9 in Maces & Flails
   331 | D        | Reached XP level 6. HP: 68/72 MP: 5/5
   331 | D        | Reached XP level 7. HP: 75/79 MP: 6/6
   379 | D        | Found a radiant altar of Vehumet.
   379 | D        | Found a shimmering blue altar of Sif Muna.
   379 | D        | Found an ancient bone altar of Kikubaaqudgha.
   387 | D        | Reached ***** piety under Trog
   449 | D        | Found a hide-covered altar of Uskayaw.
   449 | D        | Found an iron altar of Okawaru.
   449 | D        | Found a bloodstained altar of Trog.
   449 | D        | Found an ornate altar of the Wu Jian Council.
   449 | D        | Noticed a human
   450 | D        | Noticed a human
   456 | D        | Killed a human
   463 | D        | Killed a human
   464 | D        | Reached skill level 10 in Maces & Flails
   654 | D        | Noticed a shadow
   659 | D        | Killed a shadow
   660 | D        | Reached XP level 8. HP: 85/91 MP: 7/7
   710 | D        | Found a blossoming altar of Fedhas.
   710 | D        | Found a stormy altar of Qazlal.
   710 | D        | Found a snail-covered altar of Cheibriados.
   710 | D        | Found a burning altar of Makhleb.
   710 | D        | Found a shimmering altar of Xom.
   711 | D        | Found a hazy altar of Hepliaklqana.
   711 | D        | Found an opulent altar of Gozag.
   711 | D        | Found a sparkling altar of Nemelex Xobeh.
   711 | D        | Found a corrupted altar of Lugonu.
   711 | D        | Found a viscous altar of Jiyva.
   737 | D        | Reached skill level 11 in Maces & Flails
   845 | D        | Noticed Snorg
   864 | D        | Killed Snorg
   865 | D        | Reached skill level 12 in Maces & Flails
   865 | D        | Reached skill level 1 in Stealth
   958 | D        | Reached XP level 9. HP: 27/101 MP: 8/8
  1087 | D        | Noticed a centaur warrior
  1096 | D        | Killed a centaur warrior
  1097 | D        | Reached skill level 10 in Fighting
  1097 | D        | Reached skill level 13 in Maces & Flails
  1166 | D        | Killed an unseen horror
  1246 | D        | Noticed a wandering mushroom
  1250 | D        | Noticed a wandering mushroom
  1252 | D        | Noticed a wandering mushroom
  1261 | D        | Reached ****** piety under Trog
  1388 | D        | Reached skill level 10 in Dodging
  1422 | D        | Noticed Harold
  1422 | D        | Noticed Joseph
  1435 | D        | Killed Harold
  1435 | D        | Received a gift from Trog
  1436 | D        | Reached skill level 14 in Maces & Flails
  1436 | D        | Reached skill level 1 in Evocations
  1436 | D        | Reached XP level 10. HP: 114/114 MP: 9/9
  1442 | D        | Killed Joseph
  1512 | D        | Noticed a cane toad
  1512 | D        | Noticed a cane toad
  1514 | D        | Banished a cane toad
  1517 | D        | Killed a cane toad
  1609 | D        | Reached skill level 15 in Maces & Flails
  1929 | D        | Noticed a lindwurm
  1940 | D        | Killed a lindwurm
  1940 | D        | Received a gift from Trog
  2014 | D        | Noticed Urug
  2018 | D        | Banished Urug
  2064 | D        | Reached XP level 11. HP: 125/126 MP: 10/10
  2150 | D        | Found Junaup's Antique Weapon Emporium.
  2150 | D        | Noticed an orc high priest
  2150 | D        | Noticed an orc high priest
  2151 | D        | Noticed an orc sorcerer
  2166 | D        | Banished an orc high priest
  2176 | D        | Killed an orc sorcerer
  2176 | D        | Received a gift from Trog
  2188 | D        | Slain by a red devil

Illustrated notes

Levels and vault maps discovered:
D:        dungeon_sprint_mu [sprint_mu_entry_cave, sprint_mu_temple_rooms,
          sprint_mu_d1_horrors, sprint_mu_d2_genie, sprint_mu_d3_branching,
          sprint_mu_orc_legion, sprint_mu_elf_gauntlet, sprint_mu_hive_nellie,
          sprint_mu_lair_fedhas, sprint_mu_vaults_butterflies,
          sprint_mu_slime_circle, sprint_mu_swamp_cave, sprint_mu_snake_twists,
          sprint_mu_blade_basic, sprint_mu_crypt_lich, sprint_mu_tomb_spiral,
          sprint_mu_vestibule_basic, sprint_mu_gehenna_hellfire,
          sprint_mu_dis_giant, sprint_mu_tartarus_statrot,
          sprint_mu_cocytus_islands, sprint_mu_zot1]

Skill      XL: |  1  2  3  4  5  6  7  8  9 10 11 |
---------------+----------------------------------+-----
Maces & Flails | 4 5 6 9 10 12 14 15 | 15.9
Fighting       | 4 5 7 8 9 11 12 13 | 13.2
Dodging        | 4 5 7 8 9 10 11 12 | 12.0
Stealth        | 1 2 3 |  3.9
Evocations     | 1 |  1.5

Action                   |  1- 3 |  4- 6 |  7- 9 | 10-12 || total
-------------------------+-------+-------+-------+-------++-------
Melee: Mace              |    32 |    34 |   113 |     5 ||   184
       Punch             |       |       |     2 |       ||     2
       Dire flail        |       |       |       |    96 ||    96
Invok: Berserk           |     1 |     3 |     7 |     3 ||    14
Evoke: Phantom mirror    |       |       |     2 |     1 ||     3
  Use: Potion            |       |       |     1 |     1 ||     2
 Stab: Distracted        |       |       |     1 |       ||     1
       Sleeping          |       |       |       |     3 ||     3
Armor: Animal skin       |    11 |       |     1 |       ||    12
       Robe              |       |       |    15 |     4 ||    19
Dodge: Dodged            |    10 |     8 |    50 |    16 ||    84

Table legend: (Time is in decaauts)
 A = Elapsed time spent in this place.
 B = Non-inter-level travel time spent in this place.
 C = Inter-level travel time spent in this place.
 D = Time resting spent in this place.
 E = Time spent auto-exploring this place.
 F = Levels seen in this place.
 G = Mean time per level.
                   A        B        C        D        E       F      G
               +--------+--------+--------+--------+--------+-----+--------+
         Total |   2231 |   2231 |      0 |   1517 |     24 |   1 | 2231.0 |
       Dungeon |   2231 |   2231 |      0 |   1517 |     24 |   1 | 2231.0 |
               +--------+--------+--------+--------+--------+-----+--------+

Top non-repeatable levels by time:
       D: 2231 daAuts
